 Dungeon Crawl Stone Soup version 0.30-a0-292-g0f741e3f8e (webtiles) character file.

Game seed: 6951729221483643821

20 ytrimaz the Changer (level 2, 21/21 HPs)
             Began as a Merfolk Transmuter on Oct 17, 2022.
             Quit the game on level 1 of the Dungeon.
             The game lasted 00:01:54 (783 turns).

ytrimaz the Changer (Merfolk Transmuter)             Turns: 783, Time: 00:01:54

Health: 21/21      AC:  2    Str: 10    XL:     2   Next: 79%
Magic:  5/5        EV: 13    Int: 12    God:
Gold:   58         SH:  0    Dex: 14    Spells: 2/5 levels left

rFire   . . .      SeeInvis .      - Unarmed
rCold   + . .      Faith    .    (no shield)
rNeg    . . .      Spirit   .    a - +0 robe
rPois   .          Reflect  .    (no helmet)
rElec   .          Harm     .    (no cloak)
rCorr   .          Rampage  .    (no gloves)
Will    .....                    (no boots)
Stlth   +.........               (no amulet)
HPRegen 0.23/turn                j - ring of protection from cold
MPRegen 0.09/turn                (no ring)

@: no status effects
A: (nimble swimmer 2), mertail
a: no special abilities


You were on level 1 of the Dungeon.
You visited 1 branch of the dungeon, and saw 1 of its levels.

You collected 58 gold pieces.


Innate Abilities, Weirdness & Mutations

((You are very nimble when in or above water. (Stealth+, EV+, Speed+++)))
Your lower body shifts to a powerful aquatic tail in water.


   Skills:
 - Level 1.1 Fighting
 - Level 3.0 Dodging
 - Level 3.2 Unarmed Combat
 - Level 2.1 Spellcasting
 + Level 3.9 Transmutations


You had 2 spell levels left.
You knew the following spells:

 Your Spells              Type           Power      Damage    Failure   Level
a - Beastly Appendage     Tmut           20%        N/A       5%          1
b - Wereblood             Tmut           10%        N/A       8%          2

Your spell library contained the following spells:

 Spells                   Type           Power      Damage    Failure   Level
 Spider Form              Tmut/Pois      6%         N/A       34%         3
 Ice Form                 Ice/Tmut       6%         N/A       75%         4

Inventory:

Armour
 a - a +0 robe (worn)
Jewellery
 j - a ring of protection from cold (left hand)
   (You found it on level 1 of the Dungeon)
Scrolls
 c - a scroll of immolation {unknown}
 d - a scroll of teleportation {unknown}
 e - 3 scrolls of poison {unknown}
 f - a scroll of amnesia {unknown}
 h - 2 scrolls of enchant weapon {unknown}
 i - a scroll of brand weapon {unknown}
 k - a scroll of magic mapping {unknown}
 m - a scroll of torment {unknown}
Potions
 b - a potion of lignification
 g - a potion of berserk rage {unknown}
 l - a potion of invisibility {unknown}

Dungeon Overview and Level Annotations

Branches:
Dungeon (1/15) Zot: 5220

Altars:

# #.# #.# #. #.# #.#
#. #.#
#.#################.
#.#
#...................
#.#
####################
#.# #.# #.# #.#
#.#######.#
#........@#
###########


There were no monsters in sight!


Message History

Your horns disappear. 😨 HP[+1] Unknown command.
You see here a +0 short sword.
Unknown command.
Key pressed, stopping explore.
Unknown command. 😕 HP[+9]
You regained 9 hp, and now have 17/21 hp.
You open the door.
There is an open door here.
Key pressed, stopping explore.
Key pressed, stopping explore.
Unknown command. 😎 HP[+4]
Your hp is fully restored (21).
A giant cockroach comes into view.
Okay, then.
A giant cockroach is nearby!
A giant cockroach is nearby!
You grow a pair of large bovine horns. 😎 MP[-1]
You lost 1 mp, and now have 4/5 mp.
The helpless giant cockroach fails to defend itself.
You hit the giant cockroach but do no damage.
You punch the giant cockroach, but do no damage.
The giant cockroach bites you but does no damage.
You completely miss the giant cockroach.
You punch the giant cockroach, but do no damage.
The giant cockroach closely misses you.
You hit the giant cockroach but do no damage.
The giant cockroach bites you. 😕 HP[-1]
You take 1 damage, and now have 20/21 hp.
You hit the giant cockroach. The giant cockroach misses you.
Unknown command.
A giant cockroach is nearby!
You closely miss the giant cockroach.
The giant cockroach completely misses you.
A giant cockroach is nearby!
Unknown command.
You hit the giant cockroach. The giant cockroach closely misses you.
The giant cockroach bites you but does no damage. 😎 HP[+1] MP[+1]
Your hp is fully restored (21).
Your mp is fully restored (5).
You hit the giant cockroach.
You kill the giant cockroach!
Your transformation is almost over.
k - a scroll labelled PALIER YDWUNY Key pressed, stopping explore.
No target in view!
Your horns disappear.
h - 2 scrolls labelled MIBAIG QOCEHAR (gained 1)
l - a sedimented clear potion Unknown command.
A bat comes into view.
A bat is nearby!
A bat is nearby!
A bat is nearby!
The bat hits you but does no damage.
You grow a pair of large bovine horns.
The bat closely misses you. 😎 MP[-1]
You lost 1 mp, and now have 4/5 mp.
The bat hits you but does no damage. The bat misses you.
Your transformation is almost over.
The bat hits you but does no damage. The bat barely misses you.
The bat closely misses you.
You hit the bat. The bat hits you. 😕 HP[-1]
You take 1 damage, and now have 20/21 hp.
You hit the bat but do no damage. The bat barely misses you. 😎 HP[+1]
Your hp is fully restored (21).
The bat closely misses you.
You barely miss the bat. You headbutt the bat.
You kill the bat!
No target in view!
No target in view!
No target in view!
No target in view!
No target in view!
No target in view!
No target in view!
Your horns disappear.
m - a scroll labelled GISCHE LO NOLYP 😎 MP[+1]
Your mp is fully restored (5).
You see here a giant cockroach corpse.
Key pressed, stopping explore.
Key pressed, stopping explore.
You now have 58 gold pieces (gained 9).
Done exploring.
Done exploring.
Done exploring.
Done exploring.
Key pressed, stopping explore.
Done exploring.
Are you sure you want to abandon this character and quit the game? (Confirm with "yes".)

Skill      XL: |  1 |
---------------+----+-----
Dodging        | 3 |  3.0
Transmutations | 3 |  3.9
Fighting       | |  1.1
Unarmed Combat | |  3.2
Spellcasting   | |  2.1

Action                   || total
-------------------------++-------
Melee: Unarmed           ||    44
       Headbutt          ||     6
       Punch             ||     2
 Cast: Beastly Appendage ||    10
 Stab: Sleeping          ||     2
Armor: Robe              ||    12
Dodge: Dodged            ||    32

Levels and vault maps discovered:
D:1:      eino_arrival_cavern_d, layout_basic, chequers_garden

Notes
Turn   | Place    | Note
-------+----------+-------------------------------------------
     0 | D:1      | ytrimaz the Merfolk Transmuter began the quest for the Orb.
     0 | D:1      | Reached XP level 1. HP: 15/15 MP: 3/3
     0 | D:1      | magus.rc [v1.9.6]
   161 | D:1      | Reached skill level 3 in Dodging
   163 | D:1      | Reached skill level 3 in Transmutations
   193 | D:1      | Reached XP level 2. HP: 21/21 MP: 5/5
   243 | D:1      | Learned a level 2 spell: Wereblood
   783 | D:1      | Quit the game

Vanquished Creatures
  A dart slug (D:1)
  A ball python (D:1)
  2 bats (D:1)
  An endoplasm (D:1)
  A giant cockroach (D:1)
  3 goblins (D:1)
  2 kobolds (D:1)
  A quokka (D:1)
  3 frilled lizards (D:1)
15 creatures vanquished.

Table legend:
 A = Non-vault XP
 B = Vault XP
 C = Vault XP percentage of total XP
 D = Non-vault monster count
 E = Vault monster count
 F = Vault count percentage of total count
                 A         B        C        D         E       F
            +---------+---------+-------+---------+---------+-------
      Total |      29 |       0 |   0.0 |      15 |       0 |   0.0
            +---------+---------+-------+---------+---------+-------
        D:1 |      29 |       0 |   0.0 |      15 |       0 |   0.0
            +---------+---------+-------+---------+---------+-------

Illustrated notes

Table legend:
 A = Kills in this place as a percentage of kills in entire the game.
 B = Kills by you in this place as a percentage of kills by you in the entire game.
 C = Kills by friends in this place as a percentage of kills by friends in the entire game.
 D = Other kills in this place as a percentage of other kills in the entire game.
 E = Experience gained in this place as a percentage of experience gained in the entire game.
 F = Experience gained in this place divided by the number of levels of this place that you have seen.
                   A       B       C       D       E      F
               +-------+-------+-------+-------+-------+----------------------
         Total | 100.0 | 100.0 |   N/A |   N/A | 100.0 |  29.0
       Dungeon | 100.0 | 100.0 |   N/A |   N/A | 100.0 |  29.0
               +-------+-------+-------+-------+-------+----------------------

Table legend: (Time is in decaauts)
 A = Elapsed time spent in this place.
 B = Non-inter-level travel time spent in this place.
 C = Inter-level travel time spent in this place.
 D = Time resting spent in this place.
 E = Time spent auto-exploring this place.
 F = Levels seen in this place.
 G = Mean time per level.
                   A        B        C        D        E       F      G
               +--------+--------+--------+--------+--------+-----+--------+
         Total |    779 |    779 |      0 |      0 |    636 |   1 |  779.0 |
       Dungeon |    779 |    779 |      0 |      0 |    636 |   1 |  779.0 |
               +--------+--------+--------+--------+--------+-----+--------+

Top non-repeatable levels by time:
     D:1: 779 daAuts
